 Dungeon Crawl Stone Soup version 0.24.0-125-gc4c63601f3 (webtiles) character file.

Game seed: 7938823941532544519, levelgen mode: deterministic

21 nightchill the Poker (level 2, -4/23 HPs)
             Began as a Merfolk Skald on Mar 12, 2020.
             Slain by a worm (7 damage)
             ... on level 2 of the Dungeon.
             The game lasted 00:02:19 (807 turns).

nightchill the Poker (Merfolk Skald)                 Turns: 807, Time: 00:02:19

Health: -4/23      AC:  3    Str: 11    XL:     2   Next: 83%
Magic:  5/5        EV: 12    Int: 12    God:
Gold:   87         SH:  0    Dex: 13    Spells: 4/5 levels left

rFire    . . .     SeeInvis .   a - +0 spear
rCold    . . .     Gourm    .   (no shield)
rNeg     . . .     Faith    .   b - +0 leather armour
rPois    .         Spirit   .   (no helmet)
rElec    .         Reflect  .   (no cloak)
rCorr    .         Harm     .   (no gloves)
MR       .....                  (no boots)
Stlth    +.........             (no amulet)
HPRegen  0.07/turn              (no ring)
MPRegen  0.09/turn              (no ring)

@: no status effects
A: change form in water, swift swim, stealthy swim
a: no special abilities


You were on level 2 of the Dungeon.
You were not hungry.

You visited 1 branch of the dungeon, and saw 2 of its levels.

You collected 87 gold pieces.

Inventory:

Hand Weapons
 a - a +0 spear (weapon)
 f - a +0 hunting sling
Missiles
 c - 4 stones (quivered)
Armour
 b - a +0 leather armour (worn)
Scrolls
 e - a scroll of random uselessness {unknown}
 h - 3 scrolls of teleportation {unknown}
 i - 2 scrolls of identify {unknown}
 j - a scroll of magic mapping {unknown}
 l - a scroll of fog {unknown}
Potions
 k - 2 potions of lignification {unknown}
Comestibles
 d - a ration
 g - 3 chunks of flesh


   Skills:
 + Level 2.6 Fighting
 * Level 4.0 Polearms
 - Level 0.6 Armour
 - Level 2.6 Dodging
 - Level 2.0 Spellcasting
 + Level 3.5 Charms


You had 4 spell levels left.
You knew the following spells:

 Your Spells              Type           Power        Failure   Level  Hunger
a - Infusion              Chrm           #...         9%          1    ##.....

Your spell library contained the following spells:

 Spells                   Type           Power        Failure   Level  Hunger
 Song of Slaying          Chrm           #.......     13%         2    ###....
 Shroud of Golubria       Chrm/Tloc      #.....       26%         2    ###....
 Regeneration             Chrm/Necr      #.........   45%         3    ####...
 Spectral Weapon          Hex/Chrm       #.......     45%         3    ####...


Dungeon Overview and Level Annotations

Branches:
Dungeon (1/15)

Altars:


Message History

A worm comes into view.
The phantom blinks!
The phantom blinks!
Found 14 poisoned darts and a runed mace.
The phantom hits you.
* * * LOW HITPOINT WARNING * * *
The phantom blinks!
The phantom blinks!
The phantom blinks!
The phantom blinks!
You open the door.
A quokka and a worm come into view.
The gnoll closely misses you.
Found a scroll labeled ZASOOV BEOPELU.
Found a scroll labeled ATSAGO HYNYNEE.
There is an open door here.
A jackal comes into view.
The jackal barks!
You hear a bark!
The worm bites you!
You die...

#########
...?....########
......... ....
........####.###
.h.....@g.g....#
.......w####...#
......r.# #...#
........# #...#
........# #...#
........####w..#
#.####.##...).##
#. .? #...W.#
##.....#######


You could see a worm, 2 gnolls, a quokka and a jackal.

Vanquished Creatures
  A worm (D:2)
  A leopard gecko (D:2)
  4 bats (D:1)
  A giant cockroach (D:2)
  3 hobgoblins (D:1)
  A frilled lizard (D:1)
  3 kobolds
  4 rats
18 creatures vanquished.

Vanquished Creatures (others)
  5 toadstools (D:1)
5 creatures vanquished.

Grand Total: 23 creatures vanquished

Notes
Turn   | Place    | Note
-------+----------+-------------------------------------------
     0 | D:1      | nightchill the Merfolk Skald began the quest for the Orb.
     0 | D:1      | Reached XP level 1. HP: 16/16 MP: 3/3
    95 | D:1      | Reached XP level 2. HP: 19/23 MP: 5/5
   484 | D:1      | You fall into a shaft and drop 1 floor!
   682 | D:2      | Reached skill level 4 in Polearms
   751 | D:2      | Noticed a phantom
   807 | D:2      | Slain by a worm

Levels and vault maps discovered:
D:1:      lightli_arrival_statue_moat, layout_rooms, minmay_misc_feat_rugged,
          chequers_serial_rivers_small_b, minmay_misc_feat_iff,
          minmay_gold_behind_fungi, grunt_decor_cap
D:2:      layout_basic

Skill      XL: |  1  2 |
---------------+-------+-----
Polearms       | 4 |  4.0
Fighting       | |  2.6
Armour         | |  0.6
Dodging        | |  2.6
Spellcasting   | |  2.0
Charms         | |  3.5

Action                   || total
-------------------------++-------
Melee: Spear             ||    85
Armor: Leather armour    ||    22
Dodge: Dodged            ||    40
